 Dungeon Crawl Stone Soup version 0.25.1-8-g42b30a86e7 (webtiles) character file.

Game seed: 14445027548747355185

359 raphaelitos the Magician (level 6, -2/32 HPs)
             Began as a Deep Elf Air Elementalist on Dec 3, 2020.
             Slain by a worker ant (3 damage)
             ... on level 4 of the Dungeon.
             The game lasted 00:13:12 (3743 turns).

raphaelitos the Magician (DEAE)                     Turns: 3743, Time: 00:13:13

Health: -2/32      AC:  7    Str:  5    XL:     6   Next: 37%
Magic:  15/15      EV: 14    Int: 21    God:
Gold:   179        SH:  0    Dex: 16    Spells: 5/15 levels left

rFire    . . .     SeeInvis .   b - +0 short sword
rCold    . . .     Gourm    .   (no shield)
rNeg     . . .     Faith    +   a - +0 robe
rPois    .         Spirit   .   (no helmet)
rElec    .         Reflect  .   (no cloak)
rCorr    .         Harm     .   (no gloves)
MR       .....                  i - +0 pair of boots
Stlth    +.........             n - amulet of faith
HPRegen  0.10/turn              l - ring of attention (curse)
MPRegen  0.14/turn              j - +4 ring of protection

@: lethally poisoned (-2 -> -10), very slightly contaminated, hasted (expiring),
invisible, very quick
A: no striking features
a: no special abilities


You were on level 4 of the Dungeon.
You were hungry.

You visited 1 branch of the dungeon, and saw 4 of its levels.

You collected 179 gold pieces.

Inventory:

Hand Weapons
 b - a +0 short sword (weapon)
Missiles
 f - 3 throwing nets
 h - 6 atropa-tipped darts (quivered)
 m - 13 arrows
 s - 34 bolts
Armour
 a - a +0 robe (worn)
 i - a +0 pair of boots (worn)
Jewellery
 j - a +4 ring of protection (right hand)
 l - a cursed ring of attention (left hand)
 n - an amulet of faith (around neck)
 u - a +6 ring of strength {unknown}
Scrolls
 o - a scroll of teleportation {unknown}
 p - a scroll of fear
Potions
 d - a potion of degeneration
 t - 2 potions of berserk rage
Comestibles
 c - 9 rations
 q - 3 chunks of flesh


   Skills:
 + Level 0.1 Fighting
 + Level 1.2 Short Blades
 + Level 0.3 Throwing
 + Level 3.3 Dodging
 + Level 2.8 Stealth
 + Level 5.0 Spellcasting
 + Level 3.6 Conjurations
 + Level 4.7 Air Magic


You had 5 spell levels left.
You knew the following spells:

 Your Spells              Type           Power        Failure   Level  Hunger
a - Shock                 Conj/Air       ###.         1%          1    None
b - Swiftness             Chrm/Air       ###.....     6%          2    None
c - Static Discharge      Conj/Air       ###.....     6%          3    ##.....
d - Airstrike             Air            ####......   16%         4    ####...

Your spell library contained the following spells:

 Spells                   Type           Power        Failure   Level  Hunger
 Lightning Bolt           Conj/Air       ###.......   47%         5    #####..


Dungeon Overview and Level Annotations

Branches:
Dungeon (4/15)
 Temple: D:4-7

Altars:

Annotations:
D:4 Dowan


Message History

* * * LOW HITPOINT WARNING * * *
You feel sick.
* * * LOW HITPOINT WARNING * * *
You feel sick.
Your extra speed is starting to run out.
* * * LOW HITPOINT WARNING * * *
You feel sick.
Found 12 gold pieces.
As you read the scroll of identify, it crumbles to dust.
t - 2 potions of berserk rage Dowan points at you and mumbles some strange words.
* * * LOW HITPOINT WARNING * * *
You feel sick.
As you read the scroll of identify, it crumbles to dust.
d - a potion of degeneration The worker ant bites you but does no damage.
It was a potion of magic.
Magic courses through your body.
* * * LOW HITPOINT WARNING * * *
You feel sick. The worker ant bites you.
You die...

#..............###+
#####..................
#.....).....######+##..
#.............. #..
#.............. +..
#####..e.......$ ##.
#.....##...... ...
#..a......... ...
#...@....... ...
##.........# ...
##........# . .
#........# ..........
........... ......$....
............


You could see Dowan (fast) and a worker ant.

Vanquished Creatures
  Duvessa (D:4)
  An ogre (D:4)
  A water moccasin skeleton (D:4)
  An orc wizard (D:3)
  A worker ant (D:4)
  2 adders (D:3)
  3 worms (D:2)
  A dart slug (D:1)
  3 leopard geckos
  3 orcs (D:3)
  2 ball pythons
  5 bats
  5 giant cockroaches
  3 goblins
  A hobgoblin (D:3)
  8 jackals
  A quokka (D:2)
  6 frilled lizards
  A jackal skeleton (D:4)
  2 kobolds
  5 rats
56 creatures vanquished.

Notes
Turn   | Place    | Note
-------+----------+-------------------------------------------
     0 | D:1      | raphaelitos the Deep Elf Air Elementalist began the quest
                  | for the Orb.
     0 | D:1      | Reached XP level 1. HP: 10/10 MP: 6/6
   211 | D:1      | Reached XP level 2. HP: 15/15 MP: 5/8
   250 | D:1      | Learned a level 2 spell: Swiftness
  1020 | D:2      | Reached XP level 3. HP: 19/19 MP: 0/9
  1025 | D:2      | Learned a level 3 spell: Static Discharge
  2529 | D:3      | Reached XP level 4. HP: 24/24 MP: 7/11
  2797 | D:3      | Found a faded altar of an unknown god.
  3212 | D:3      | Learned a level 4 spell: Airstrike
  3286 | D:4      | Reached skill level 4 in Spellcasting
  3286 | D:4      | Reached XP level 5. HP: 9/28 MP: 1/13
  3490 | D:4      | Noticed an ogre
  3497 | D:4      | Killed an ogre
  3497 | D:4      | Reached skill level 1 in Short Blades
  3683 | D:4      | Noticed Duvessa
  3684 | D:4      | Noticed Dowan
  3721 | D:4      | Killed Duvessa
  3721 | D:4      | Reached skill level 5 in Spellcasting
  3721 | D:4      | Reached XP level 6. HP: 25/32 MP: 0/15
  3743 | D:4      | HP: 1/32 [poisoned by a worker ant]
  3743 | D:4      | Slain by a worker ant

Illustrated notes

Levels and vault maps discovered:
D:1:      dpeg_arrival_long_road, layout_loops_ring, dk_noncrumbling_3
D:2:      layout_basic, first_ration
D:3:      layout_rooms, chequers_ecumenical_altar_simple
D:4:      layout_basic, uniq_duvessa

Skill      XL: |  1  2  3  4  5 |
---------------+----------------+-----
Dodging        | 3 |  3.3
Conjurations   | 2 3 |  3.6
Spellcasting   | 4 5 |  5.0
Air Magic      | 4 |  4.7
Short Blades   | 1 |  1.2
Fighting       | |  0.1
Throwing       | |  0.3
Stealth        | |  2.8

Action                   |  1- 3 |  4- 6 || total
-------------------------+-------+-------++-------
Melee: Dagger            |     4 |       ||     4
       Short sword       |    16 |    22 ||    38
Throw: Dart              |       |     3 ||     3
 Cast: Shock             |    79 |    34 ||   113
       Static Discharge  |     6 |     7 ||    13
       Airstrike         |       |     4 ||     4
  Use: Scroll            |     6 |     3 ||     9
       Potion            |       |     3 ||     3
  Eat: Chunk             |     5 |     4 ||     9
Armor: Robe              |     9 |     6 ||    15
Dodge: Dodged            |    26 |    12 ||    38
